 Dungeon Crawl Stone Soup version 0.29.1-12-g30fa7ad0bf (webtiles) character file.

Game seed: 4548244747134296071

21 KittyFluff the Trooper (level 2, 0/20 HPs)
             Began as a Gargoyle Berserker on Jan 17, 2023.
             Was a Follower of Trog.
             Slain by a goblin
             ... wielding a +0 dagger
             ... led by Robin
              (4 damage)
             ... on level 2 of the Dungeon.
             The game lasted 00:04:14 (512 turns).

KittyFluff the Trooper (Gargoyle Berserker)          Turns: 512, Time: 00:04:15

Health: 0/20       AC:  6    Str: 20    XL:     2   Next: 83%
Magic:  2/2        EV: 11    Int:  7    God:    Trog [*.....]
Gold:   32         SH:  0    Dex:  9    Spells: 1/1 levels left

rFire   . . .      SeeInvis .   a - +0 mace
rCold   . . .      Faith    .   (no shield)
rNeg    + . .      Spirit   .   h - +0 leather armour
rPois   ∞          Reflect  .   (no helmet)
rElec   +          Harm     .   (no cloak)
rCorr   .          Rampage  .   (no gloves)
Will    .....                   (no boots)
Stlth   +.........              (no amulet)
HPRegen 0.06/turn               (no ring)
MPRegen 0.08/turn               (no ring)

@: no status effects
A: sickness immunity, AC +2, negative energy resistance 1, electricity
resistance, torment resistance 1, petrification resistance
a: Renounce Religion, Berserk


You were on level 2 of the Dungeon.
You worshipped Trog.
Trog was aware of your devotion.
You visited 1 branch of the dungeon, and saw 2 of its levels.

You collected 32 gold pieces.

Inventory:

Hand Weapons
 a - a +0 mace (weapon)
Armour
 c - a +0 plate armour
 d - a +0 chain mail
 h - a +0 leather armour (worn)
Scrolls
 f - a scroll of identify {unknown}
 g - a scroll of poison {unknown}
Potions
 b - a potion of mutation {unknown}


   Skills:
 + Level 3.8 Fighting
 + Level 3.4 Maces & Flails
 + Level 2.2 Armour
 + Level 1.7 Dodging


You had one spell level left.
You didn't know any spells.
Your spell library was empty.

Dungeon Overview and Level Annotations

Branches:
Dungeon (2/15)

Altars:

Annotations:
D:2 Robin


Innate Abilities, Weirdness & Mutations

You are immune to sickness and miasma.
Your stone body is resilient. (AC +2)
You are immune to poison.
You resist negative energy. (rN+)
You are resistant to electric shocks. (rElec)
You are resistant to unholy torment.
You are immune to petrification.


Message History

You closely miss the goblin.
The goblin is moderately wounded.
The goblin hits you but does no damage. x2
Robin roars a battlecry!
The goblins go into a battle-frenzy!
You miss the goblin.
The goblin is moderately wounded.
The goblin barely misses you. The goblin hits you with a +0 dagger.
Robin roars a battlecry!
The goblin goes into a battle-frenzy!
The goblin hits you but does no damage.
You hit the goblin.
You kill the goblin!
Trog accepts your kill. The goblin hits you with a +0 dagger.
You hit the goblin but do no damage.
The goblin hits you but does no damage. x2
Robin hits you with a +0 whip.
The goblin hits you but does no damage. x2
You miss the goblin. The goblin hits you with a +0 dagger.
The goblin hits you but does no damage. Robin barely misses you.
You hit the goblin.
The goblin is severely wounded.
The goblin barely misses you. The goblin hits you with a +0 dagger.
* * * LOW HITPOINT WARNING * * *
Robin barely misses you.
You barely miss the goblin.
The goblin is severely wounded.
The goblin hits you but does no damage. x2
Robin says, "A pitiful Gargoyle like you will never find the ORB!"
You hit the goblin.
You kill the goblin!
Trog accepts your kill. The goblin closely misses you.
Robin hits you but does no damage. The goblin hits you but does no damage.
Robin hits you but does no damage.
It was a potion of magic.
Magic courses through your body. The goblin closely misses you.
Robin barely misses you. The goblin attacks as you move away!
The goblin hits you but does no damage.
There is a stone staircase leading up, spattered with blood here.
Items here: ))) †.
The goblin hits you with a +0 dagger.
You die...

.#.#####.
....... ......
..... #...#
#.#.#.#.#
.......g#####
.... #@gggg####
....g#####gg..#
....ggg.g...#.#
.....ggg###.# #
......g.# #...
.....#.## #####
.....#. .... ..
... ###


You could see Robin, 2 hobgoblins and 4 goblins.

Vanquished Creatures
  A dart slug (D:2)
  A ball python (D:1)
  6 goblins
  2 hobgoblins
  A kobold (D:1)
  A quokka (D:1)
  2 bats (D:1)
  A frilled lizard (D:1)
  A rat (D:1)
16 creatures vanquished.

Vanquished Creatures (others)
  A fungus (D:1)
1 creature vanquished.

Grand Total: 17 creatures vanquished

Notes
Turn   | Place    | Note
-------+----------+-------------------------------------------
     0 | D:1      | KittyFluff the Gargoyle Berserker began the quest for the
                  | Orb.
     0 | D:1      | Reached XP level 1. HP: 14/14 MP: 1/1
   182 | D:1      | Reached XP level 2. HP: 18/19 MP: 2/2
   325 | D:1      | Found a faded altar of an unknown god.
   485 | D:2      | Noticed Robin
   512 | D:2      | Slain by a goblin

Illustrated notes

Levels and vault maps discovered:
D:1:      mrwooster_arrival_statue_3, layout_rooms,
          dreamdust_ecumenical_altar_hidden_monk_grotto
D:2:      layout_basic, basic_altar, uniq_jessica, uniq_robin, uniq_sigmund

Action                   || total
-------------------------++-------
Melee: Mace              ||    49
       Punch             ||     1
  Use: Potion            ||     1
Armor: Animal skin       ||    11
       Leather armour    ||    27
Dodge: Dodged            ||    36
